 Dungeon Crawl Stone Soup version 0.30.0 (webtiles) character file.

Game seed: 8913004069829684655

102 Esekla the Sneak (level 4, -1/35 HPs)
             Began as a Draconian Wanderer on May 6, 2023.
             Slain by an iguana (9 damage)
             ... on level 3 of the Dungeon.
             The game lasted 00:08:46 (1736 turns).

Esekla the Sneak (Draconian Wanderer)               Turns: 1736, Time: 00:08:47

Health: -1/35      AC:  6    Str: 13    XL:     4   Next: 50%
Magic:  3/6        EV: 11    Int: 16    God:
Gold:   91         SH:  0    Dex: 16    Spells: 4/6 levels left

rFire   . . .        a - +3 dagger (speed)
rCold   . . .        (no shield)
rNeg    . . .        (body armour unavailable)
rPois   .            (helmet restricted)
rElec   .            (no cloak)
rCorr   .            n - +0 pair of gloves
SInv    .            (no boots)
Will    .....        h - amulet of magic regeneration
Stlth   +++          k - +6 ring of dexterity
HPRegen 0.25/turn    (no ring)
MPRegen 0.50/turn

%: no passive effects
@: no status effects
A: AC +5, unfitting armour, cold-blooded
a: no special abilities


You were on level 3 of the Dungeon.
You visited 1 branch of the dungeon, and saw 3 of its levels.

You collected 91 gold pieces.

Inventory:

Hand Weapons
 a - a +3 dagger of speed (weapon)
 s - a +2 dagger
Missiles
 c - 10 poisoned darts (quivered)
 i - 2 silver boomerangs
 l - 5 boomerangs
Armour
 n - a +0 pair of gloves (worn)
Jewellery
 h - an amulet of magic regeneration (around neck)
 k - a +6 ring of dexterity (left hand)
Scrolls
 b - a scroll of fear
 d - a scroll of identify {unknown}
 f - a scroll of torment {unknown}
 g - a scroll of blinking {unknown}
 m - 2 scrolls of amnesia {unknown}
 o - a scroll of fog {unknown}
 q - a scroll of teleportation {unknown}
 t - a scroll of enchant armour {unknown}
 u - a scroll of vulnerability {unknown}
 v - 2 scrolls of enchant weapon {unknown}
Potions
 e - 4 potions of heal wounds
 j - 4 potions of curing {unknown}
 p - a potion of might {unknown}
 r - 2 potions of resistance {unknown}


   Skills:
 * Level 1.0 Fighting
 * Level 1.7 Short Blades
 + Level 1.0 Throwing
 + Level 5.1 Stealth
 * Level 1.9 Spellcasting
 * Level 0.2 Translocations
 * Level 1.2 Air Magic
 + Level 2.0 Poison Magic
 + Level 1.0 Invocations


You had 4 spell levels left.
You knew the following spells:

 Your Spells              Type           Power      Damage    Failure   Level
a - Poisonous Vapours     Pois/Air       12%        N/A       16%         2

Your spell library contained the following spells:

 Spells                   Type           Power      Damage    Failure   Level
 Cigotuvi's Dreadful Rot  Necr/Pois/Air  10%        N/A       21%         2
 Blink                    Tloc           4%         N/A       28%         2
 Lesser Beckoning         Tloc           4%         N/A       28%         2
 Momentum Strike          Conj/Tloc      4%         3d8       30%         2


Dungeon Overview and Level Annotations

Branches:
Dungeon (3/15)

Altars:


Innate Abilities, Weirdness & Mutations

Your plain brown scales are hard. (AC +5)
You cannot fit into any form of body armour.
You are cold-blooded and may be slowed by cold attacks.


Message History

Press: ? - help, Dir - move target, f/p - iguana
Aim: an iguana Poisonous vapours surround the iguana!
The iguana is poisoned.
The iguana closely misses you.
Casting: Poisonous Vapours (safe; 16% risk of failure)
Confirm with . or Enter, or press ? or * to list all spells.
Aiming: Poisonous Vapours (safe; 16% risk of failure)
Press: ? - help, Dir - move target, f/p - iguana
Aim: an iguana (poisoned) Poisonous vapours surround the iguana!
The iguana looks even sicker.
The iguana bites you!
You completely miss the iguana.
The iguana is lightly wounded.
The iguana bites you!
You hit the iguana.
The iguana is lightly wounded.
The iguana bites you.
You hit the iguana but do no damage.
The iguana is lightly wounded.
You barely miss the iguana.
The iguana is moderately wounded.
The iguana barely misses you.
Your magical contamination has completely faded away.
You closely miss the iguana.
The iguana is moderately wounded.
You closely miss the iguana.
The iguana is moderately wounded.
The iguana bites you.
* * * LOW HITPOINT WARNING * * *
You barely miss the iguana.
The iguana is heavily wounded.
The iguana bites you but does no damage.
Casting: Poisonous Vapours (safe; 16% risk of failure)
Confirm with . or Enter, or press ? or * to list all spells.
Aiming: Poisonous Vapours (safe; 16% risk of failure)
Press: ? - help, Dir - move target, f/p - iguana
Aim: an iguana (heavily wounded, very poisoned) Poisonous vapours surround the iguana!
The iguana looks even sicker.
The iguana bites you!
You die...

## .. ...#
.. .. ...#
.#.#....#
...#....#
#........
#........
#<.$....(
#l##[.".#
#@# ...
#?>†......#
###......##
####..##
.#.# # .# .


You could see an iguana (very poisoned).

Vanquished Creatures
  5 adders (D:2)
  2 worms (D:2)
  A dart slug (D:3)
  6 bats
  3 endoplasms
  2 giant cockroaches (D:2)
  6 goblins
  6 hobgoblins
  3 jackals (D:1)
  2 quokkas
  4 ball pythons
  A frilled lizard (D:2)
  2 kobolds
  3 rats
46 creatures vanquished.

Notes
Turn   | Place    | Note
-------+----------+-------------------------------------------
     0 | D:1      | Esekla the Draconian Wanderer began the quest for the Orb.
     0 | D:1      | Esekla set off with the following items: a +2 dagger, a
                  | scroll of fear, 10 poisoned darts, a +0 dagger, a potion of
                  | heal wounds; and the following spells available to
                  | memorise: Poisonous Vapours, Cigotuvi's Dreadful Rot.
     0 | D:1      | Reached XP level 1. HP: 14/14 MP: 2/2
   276 | D:1      | Reached XP level 2. HP: 20/20 MP: 3/3
   590 | D:1      | Learned a level 2 spell: Poisonous Vapours
   859 | D:2      | Reached XP level 3. HP: 27/27 MP: 5/5
   897 | D:2      | Reached skill level 5 in Stealth
   898 | D:2      | Reached skill level 1 in Short Blades
  1099 | D:2      | Reached skill level 1 in Fighting
  1172 | D:2      | Reached XP level 4. HP: 35/35 MP: 6/6
  1458 | D:2      | Reached skill level 1 in Air Magic
  1736 | D:3      | Slain by an iguana

Illustrated notes

Levels and vault maps discovered:
D:1:      eino_arrival_druids_welcome, layout_basic
D:2:      layout_basic
D:3:      kennysheep_the_goblin_king, layout_loops_ring

Skill      XL: |  1  2  3  4 |
---------------+-------------+-----
Stealth        | 5 |  5.1
Short Blades   | 1 |  1.7
Fighting       | 1 |  1.0
Air Magic      | 1 |  1.2
Throwing       | |  1.0
Spellcasting   | |  1.9
Translocations | |  0.2
Poison Magic   | |  2.0
Invocations    | |  1.0

Action                     |  1- 3 |  4- 6 || total
---------------------------+-------+-------++-------
  Melee: Dagger            |    73 |    48 ||   121
         Tailslap          |     9 |     6 ||    15
         Punch             |     2 |     1 ||     3
  Throw: Dart              |     1 |       ||     1
   Cast: Poisonous Vapours |     2 |     3 ||     5
   Stab: Sleeping          |    14 |     1 ||    15
 Armour: Skin              |    14 |    13 ||    27
  Dodge: Dodged            |    42 |    13 ||    55
